 Dungeon Crawl Stone Soup version 0.27.0-1-g7a089689b8 (webtiles) character file.

Game seed: 9156821015683239088

37 Descartes the Ducker (level 3, -4/15 HPs)
             Began as a Felid Transmuter on Aug 1, 2021.
             Slain by Grinder (6 damage)
             ... on level 3 of the Dungeon.
             The game lasted 00:05:22 (2539 turns).

Descartes the Ducker (Felid Transmuter)             Turns: 2539, Time: 00:05:22

Health: -4/15      AC:  5    Str:  7    XL:     3   Next: 23%
Magic:  7/7        EV: 18    Int: 14    God:
Gold:   62         SH:  0    Dex: 16    Spells: 3/6 levels left
                                        Lives:  0   Deaths: 1

rFire    . . .     SeeInvis +     - Unarmed
rCold    . . .     Faith    .   (shield unavailable)
rNeg     . . .     Spirit   .   (armour unavailable)
rPois    .         Reflect  .   (helmet unavailable)
rElec    .         Harm     .   (cloak unavailable)
rCorr    .         Rampage  .   (gloves unavailable)
Will     .....                  (boots unavailable)
Stlth    ++........             d - amulet of regeneration
HPRegen  1.05/turn              e - +4 ring of protection
MPRegen  0.10/turn              (no ring)

@: quick
A: very small, claws 1, fangs 3, see invisible, speed 1, shaggy fur 1, stealthy
paws, no weapons or thrown items, no armour, multi-lived
a: no special abilities


You were on level 3 of the Dungeon.
You visited 1 branch of the dungeon, and saw 3 of its levels.

You collected 62 gold pieces.

Inventory:

Jewellery
 d - an amulet of regeneration (around neck)
 e - a +4 ring of protection (left paw)
Scrolls
 a - a scroll of acquirement {unknown}
 b - a scroll of silence {unknown}
 f - a scroll of identify {unknown}
Potions
 c - a potion of degeneration
 g - 2 potions of haste {unknown}
 h - a potion of flight {unknown}


   Skills:
 - Level 1.0 Fighting
 + Level 3.7 Dodging
 + Level 2.6 Stealth
 + Level 3.5 Unarmed Combat
 - Level 2.0 Spellcasting
 + Level 3.0 Transmutations


You had 3 spell levels left.
You knew the following spells:

 Your Spells              Type           Power      Damage    Failure   Level
a - Beastly Appendage     Tmut           20%        N/A       7%          1
b - Wereblood             Tmut           10%        N/A       10%         2

Your spell library contained the following spells:

 Spells                   Type           Power      Damage    Failure   Level
 Spider Form              Tmut/Pois      2%         N/A       36%         3
 Ignite Poison            Fire/Tmut/Pois 4%         N/A       43%         3
 Conjure Flame            Conj/Fire      1%         6-21      56%         3
 Ice Form                 Ice/Tmut       5%         N/A       77%         4
 Sticky Flame             Conj/Fire      1%         2d3       93%         4


Dungeon Overview and Level Annotations

Branches:
Dungeon (3/15)

Altars:

Shops:
D:1 [   D:3 ==*[

Annotations:
D:3 Grinder


Innate Abilities, Weirdness & Mutations

You have sharp claws.
You have razor-sharp teeth.
You have supernaturally acute eyesight. (SInv)
You cover ground quickly. (Speed+)
You are covered in fur. (AC +1)
Your paws help you pounce on unaware monsters.
You are incapable of wielding weapons or throwing items.
You cannot wear armour.
You gain extra lives every three experience levels.


Message History

Casting: Beastly Appendage (safe; 7% risk of failure)
Confirm with . or Enter, or press ? or * to list all spells.
You grow a pair of large bovine horns.
The hobgoblin completely misses you.
You scratch the hobgoblin.
The hobgoblin is almost dead.
Your transformation is almost over.
The hobgoblin closely misses you.
You closely miss the hobgoblin.
The hobgoblin is almost dead.
The hobgoblin closely misses you.
You scratch the hobgoblin.
You kill the hobgoblin!
No target in view!
Your horns disappear.
Found an escape hatch in the ceiling.
A quokka comes into view.
Grinder comes into view.
Found Cethiv's Assorted Antiques.
You scratch the quokka. Your bite misses the quokka.
The quokka is severely wounded.
The quokka closely misses you.
You scratch the quokka.
You kill the quokka!
Grinder shouts!
Grinder gestures at you. You resist with significant effort. Grinder hits you.
You scratch Grinder but do no damage. Grinder barely misses you.
You closely miss Grinder. Grinder hits you!
Ouch! That really hurt!
* * * LOW HITPOINT WARNING * * *
You writhe in agony.
* * * LOW HITPOINT WARNING * * *
You scratch Grinder.
Grinder is lightly wounded.
Grinder hits you.
* * * LOW HITPOINT WARNING * * *
You writhe in agony.
You die...

........ #.###
##....# ....#
#.....# #.#.# #
#....#####.#.#.#
##.#.......#.#.##
#.#####........#
#.# #.###.##.#
##'## #.# #.#
##...## #.# #@#
##.....###.#
#5......#
##.......##.#
#.##...##
##.........#.#
... .##
.'.......).+<.
.∩. #
##.........#
#...#
..........##
##.## ##.#.....##
### #.##...##


You could see Grinder.

Vanquished Creatures
  An adder (D:3)
  2 worms (D:3)
  2 dart slugs
  7 endoplasms
  3 giant cockroaches
  3 goblins
  6 hobgoblins
  7 jackals
  3 quokkas
  3 ball pythons
  6 bats
  4 frilled lizards
  A kobold (D:1)
  5 rats
53 creatures vanquished.

Notes
Turn   | Place    | Note
-------+----------+-------------------------------------------
     0 | D:1      | Descartes the Felid Transmuter began the quest for the Orb.
     0 | D:1      | Reached XP level 1. HP: 9/9 MP: 4/4
   121 | D:1      | Reached skill level 1 in Stealth
   124 | D:1      | Reached XP level 2. HP: 8/12 MP: 6/6
   647 | D:1      | Found a faded altar of an unknown god.
   720 | D:1      | Reached XP level 3. HP: 3/15 MP: 7/7
  1055 | D:1      | Found Zelit's Antique Armour Shoppe.
  2158 | D:3      | Learned a level 2 spell: Wereblood
  2172 | D:3      | Found Fenuof's Jewellery Shoppe.
  2193 | D:3      | Reached XP level 4. HP: 19/19 MP: 8/8
  2212 | D:3      | Found Koenih's Antique Armour Shoppe.
  2212 | D:3      | Noticed a water moccasin
  2225 | D:3      | Slain by a water moccasin
  2226 | D:3      | Reached XP level 3. HP: -1/15 MP: 7/7
  2310 | D:3      | Found Fetrig's Jewellery Emporium.
  2531 | D:3      | Found Cethiv's Assorted Antiques.
  2531 | D:3      | Noticed Grinder
  2539 | D:3      | Slain by Grinder

Illustrated notes

Levels and vault maps discovered:
D:1:      dpeg_arrival_houses_and_road, layout_basic, serial_shops,
          nicolae_lakefront_shop, ebering_ecumenical_altar_rust,
          corexii_leaking_fountain
D:2:      layout_rooms
D:3:      layout_loops_corners, pdpol_temple_overflow_zin_treasury_gozag_greed,
          serial_shops, shop, shop_statue, shop, nicolae_shop_trees,
          nicolae_lakefront_shop, uniq_grinder

Skill      XL: |  1  2  3 |
---------------+----------+-----
Dodging        | 3 |  3.7
Stealth        | 1 2 |  2.6
Transmutations | 3 |  3.0
Fighting       | |  1.0
Unarmed Combat | |  3.5
Spellcasting   | |  2.0

Action                   |  1- 3 |  4- 6 || total
-------------------------+-------+-------++-------
Melee: Unarmed           |   158 |    12 ||   170
       Headbutt          |    11 |     1 ||    12
       Bite              |     9 |       ||     9
       Punch             |     1 |     1 ||     2
 Cast: Beastly Appendage |    22 |     2 ||    24
  Use: Potion            |       |     1 ||     1
 Stab: Sleeping          |    11 |       ||    11
Armor: Skin              |    16 |     1 ||    17
Dodge: Dodged            |    97 |    12 ||   109
